 Dungeon Crawl Stone Soup version 0.31.0-32-g396128a36d (webtiles) character file.

Game seed: 5893338312440009932

1583 noone the Digger (level 8, -9/46 HPs)
             Began as a Gargoyle Earth Elementalist on Apr 13, 2024.
             Mangled by an ogre
             ... wielding a +0 giant club
              (29 damage)
             ... on level 5 of the Dungeon.
             The game lasted 00:14:12 (5464 turns).

noone the Digger (Gargoyle Earth Elementalist)      Turns: 5464, Time: 00:14:13

Health: -9/46      AC: 10    Str: 11    XL:     8   Next: 92%
Magic:  10/15      EV: 12    Int: 19    God:
Gold:   163        SH:  0    Dex: 10    Spells: 13/17 levels left

rFire   . . .        m - +0 morningstar
rCold   + . .        (no shield)
rNeg    + . .        v - +0 leather armour {rC+}
rPois   ∞            (no helmet)
rElec   +            s - +0 cloak
rCorr   .            (no gloves)
SInv    .            (no boots)
Will    .....        k - amulet of the acrobat
Stlth   ++           (no ring)
HPRegen 0.27/turn    (no ring)
MPRegen 0.14/turn

%: acrobat
@: no status effects
A: sickness immunity, AC +5, negative energy resistance 1, electricity
resistance, torment resistance 1, petrification resistance
a: no special abilities


You were on level 5 of the Dungeon.
You visited 1 branch of the dungeon, and saw 5 of its levels.

You collected 163 gold pieces.

Inventory:

Hand Weapons
 m - a +0 morningstar (weapon)
 p - a +5 rapier of freezing
 u - a +1 rapier of speed
Missiles
 r - a throwing net
Armour
 g - a +0 leather armour
 s - a +0 cloak (worn)
 v - a +0 leather armour of cold resistance (worn)
Jewellery
 k - an amulet of the acrobat (around neck)
Talismans
 t - a blade talisman
Wands
 l - a wand of roots (8)
 o - a wand of polymorph (10)
Scrolls
 a - a scroll of torment {unknown}
 d - 2 scrolls of teleportation {unknown}
 f - 4 scrolls of identify {unknown}
 h - a scroll of poison {unknown}
 j - a scroll of vulnerability {unknown}
 n - a scroll of amnesia {unknown}
Potions
 b - a potion of magic
 c - 3 potions of lignification {unknown}
 e - 4 potions of heal wounds {unknown}
 i - a potion of degeneration {unknown}
 q - a potion of berserk rage {unknown}
 w - a potion of curing {unknown}
 x - a potion of mutation {unknown}


   Skills:
 + Level 3.3 Fighting
 + Level 3.0 Maces & Flails
 + Level 3.0 Armour
 + Level 2.9 Dodging
 - Level 2.1 Stealth
 + Level 5.2 Spellcasting
 + Level 5.1 Conjurations
 + Level 7.2 Earth Magic


You had 13 spell levels left.
You knew the following spells:

 Your Spells              Type           Power      Damage    Failure   Level
a - Sandblast             Erth           64%        2d14      1%          1
b - Stone Arrow           Conj/Erth      56%        3d10      3%          3

Your spell library contained the following spells:

 Spells                   Type           Power      Damage    Failure   Level
 Passwall                 Erth           32%        N/A       2%          3
 Brom's Barrelling Bould  Conj/Erth      28%        2d5       12%         4
 Dazzling Flash           Conj/Hex       28%        N/A       16%         3
 Mephitic Cloud           Conj/Alch/Air  11%        N/A       22%         3
 Petrify                  Alch/Erth      18%        N/A       34%         4
 Curse of Agony           Necr           4%         N/A       99%         5
 Silence                  Hex/Air        2%         N/A       99%         5


Dungeon Overview and Level Annotations

Branches:
Dungeon (5/15)             Temple (0/1) D:5

Altars:

Annotations:
D:3 1 runed translucent door, MrCrawl's ghost, amateur GrEE


Innate Abilities, Weirdness & Mutations

You are immune to sickness and miasma.
Your stone body is resilient. (AC +5)
You are immune to poison.
You resist negative energy. (rN+)
You are resistant to electric shocks. (rElec)
You are resistant to unholy torment.
You are immune to petrification.


Message History

An orc comes into view. It is wielding a +0 flail.
The orc shouts!
The blast of sand hits the orc!
You kill the orc!
You can't see any susceptible monsters within range! (Use Z to cast anyway.)
You see here a +0 flail.
A scorpion comes into view.
A scorpion is nearby!
You can't see any susceptible monsters within range! (Use Z to cast anyway.)
The blast of sand hits the scorpion.
The scorpion is moderately wounded.
The blast of sand hits the scorpion!
The scorpion is almost dead.
The scorpion stings you but does no damage. x2
The blast of sand hits the scorpion.
You kill the scorpion!
Your Maces & Flails skill increases to level 3!
An orc comes into view. It is wielding a +0 mace.
The blast of sand hits the orc!
You kill the orc!
You can't see any susceptible monsters within range! (Use Z to cast anyway.)
An ogre comes into view. It is wielding a +0 giant club.
The ogre shouts!
The blast of sand hits the ogre.
The ogre is lightly wounded.
The ogre closely misses you.
The blast of sand hits the ogre.
The ogre is moderately wounded.
The ogre hits you with a +0 giant club!!
Ouch! That really hurt!
You are too injured to fight recklessly!
You are too injured to fight recklessly!
Aiming: Stone Arrow (dangerous; 3% risk of failure)
Press: ? - help, Shift-Dir - straight line, f/p - ogre
Aim: an ogre, wielding a +0 giant club (moderately wounded, 86% to hit)
The stone arrow hits the ogre!
The ogre is heavily wounded.
The ogre hits you with a +0 giant club!!
Ouch! That really hurt!
You die...

..........# #.#
###.#####.# #<# #
#.# #.# #.# ###.##
#.# #.# .....####.#
#.# #
..........###.# )#
####.###......####.#
#.# #..######.O.#
#.###..# #@#
####......# #.#
.........## #.#
####..#### #.# #..#
#.# #..# #.# #..###
#.# ####....# #.#
.....##.# #.#


You could see an ogre.

Vanquished Creatures
  Sigmund (D:3)
  Eustachio (D:4)
  A water moccasin (D:2)
  Duvessa (D:5)
  A black bear (D:5)
  An ogre (D:4)
  Blork the orc (D:5)
  A kobold brigand (D:4)
  A scorpion (D:5)
  Dowan (D:5)
  4 bombardier beetles
  Crazy Yiuf (D:4)
  4 jellies
  An orc priest (D:5)
  3 iguanas (D:5)
  Ijyb (D:3)
  12 adders
  4 gnolls (D:4)
  A shadow imp (D:5)
  4 dart slugs
  A ribbon worm (D:2)
  10 orcs
  9 endoplasms
  4 giant cockroaches
  10 hobgoblins
  A quokka (D:4)
  7 ball pythons
  A bat (D:3)
  3 frilled lizards
  8 goblins
  7 kobolds
  7 rats
113 creatures vanquished.

Notes
Turn   | Place    | Note
-------+----------+-------------------------------------------
     0 | D:1      | noone the Gargoyle Earth Elementalist began the quest for
                  | the Orb.
     0 | D:1      | Reached XP level 1. HP: 10/10 MP: 3/3
   287 | D:1      | Reached XP level 2. HP: 15/15 MP: 3/5
   327 | D:1      | Reached skill level 4 in Earth Magic
   926 | D:2      | Reached XP level 3. HP: 19/19 MP: 4/7
   930 | D:2      | Learned a level 3 spell: Stone Arrow
  1379 | D:2      | Reached XP level 4. HP: 23/24 MP: 3/8
  1970 | D:3      | Noticed Sigmund
  2119 | D:3      | Noticed Ijyb
  2264 | D:3      | Noticed a water moccasin
  2269 | D:2      | Killed a water moccasin
  2270 | D:2      | Reached skill level 5 in Earth Magic
  2270 | D:2      | Reached XP level 5. HP: 6/28 MP: 2/10
  2489 | D:3      | Killed Sigmund
  2490 | D:3      | Reached XP level 6. HP: 32/32 MP: 4/12
  2493 | D:3      | Reached skill level 6 in Earth Magic
  2643 | D:3      | Killed Ijyb
  2883 | D:3      | Found a runed translucent door.
  2885 | D:3      | Noticed MrCrawl's ghost (amateur GrEE)
  3041 | D:4      | Reached XP level 7. HP: 7/36 MP: 7/13
  3312 | D:4      | Reached skill level 1 in Fighting
  3312 | D:4      | Reached skill level 1 in Maces & Flails
  3312 | D:4      | Reached skill level 1 in Armour
  3573 | D:4      | Noticed Eustachio
  3646 | D:4      | Killed Eustachio
  3887 | D:4      | You fall into a shaft and drop 1 floor!
  3887 | D:5      | Entered Level 5 of the Dungeon
  3992 | D:4      | Found a runed translucent door.
  3993 | D:4      | Noticed Crazy Yiuf
  4063 | D:4      | Reached XP level 8. HP: 44/44 MP: 11/15
  4509 | D:4      | Killed Crazy Yiuf
  4804 | D:5      | Noticed Blork the orc
  4808 | D:5      | Killed Blork the orc
  4910 | D:5      | Noticed Dowan
  4912 | D:5      | Noticed Duvessa
  4916 | D:5      | Reached skill level 5 in Spellcasting
  4926 | D:5      | Killed Duvessa
  4927 | D:5      | Reached skill level 7 in Earth Magic
  4927 | D:5      | Killed Dowan
  4928 | D:5      | Reached skill level 5 in Conjurations
  5215 | D:5      | Found a staircase to the Ecumenical Temple.
  5464 | D:5      | Mangled by an ogre

Illustrated notes

Levels and vault maps discovered:
D:1:      amcnicky_arrival_blooded_trapdoor, layout_loops_ring
D:2:      layout_loops_corners
D:3:      layout_basic, ebering_ghost_inner_flame,
          chequers_serial_rivers_micro_c, uniq_sigmund, uniq_ijyb
D:4:      layout_loops_corners, serial_bayou, serial_bayou_pond_c,
          serial_bayou_pond_e, serial_bayou_pond_d, serial_bayou_pond_b,
          serial_bayou_pond_b, kennysheep_generic_room_4, uniq_eustachio,
          uniq_crazy_yiuf_cottage
D:5:      minmay_skewed_foursquare, layout_loops_ring,
          minmay_temple_entry_from_below_a, chequers_serial_rivers_small_3,
          uniq_blork_the_orc, uniq_duvessa

Skill      XL: |  1  2  3  4  5  6  7  8 |
---------------+-------------------------+-----
Earth Magic    | 4 5 6 7 |  7.2
Spellcasting   | 3 4 5 |  5.2
Conjurations   | 2 3 4 5 |  5.1
Fighting       | 1 3 |  3.3
Maces & Flails | 1 3 |  3.0
Armour         | 1 3 |  3.0
Dodging        | 2 |  2.9
Stealth        | |  2.1

Action                     |  1- 3 |  4- 6 |  7- 9 || total
---------------------------+-------+-------+-------++-------
  Melee: Club              |       |     5 |       ||     5
         Morningstar       |       |       |     2 ||     2
   Cast: Sandblast         |    46 |    40 |   103 ||   189
         Stone Arrow       |       |     5 |     7 ||    12
 Armour: Robe              |     4 |       |       ||     4
         Leather armour    |     2 |    24 |    48 ||    74
  Dodge: Dodged            |     9 |    30 |    66 ||   105
